 Dungeon Crawl Stone Soup version 0.22.1-1-ga44c0e56f4 (webtiles) character file.

1697 Ivernyr the Conjurer (level 8, -20/68 HPs)
             Began as a Black Draconian Wizard on Oct 7, 2018.
             Was a Follower of Sif Muna.
             Engulfed by a cloud of freezing vapour (30 damage)
             ... on level 6 of the Dungeon on Oct 8, 2018.
             The game lasted 01:10:32 (8679 turns).

Ivernyr the Conjurer (Black Draconian Wizard)       Turns: 8679, Time: 01:10:32

Health: -20/68     AC:  7    Str: 10    XL:     8   Next: 72%
Magic:  14/16      EV: 12    Int: 21    God:    Sif Muna [*.....]
Gold:   270        SH:  0    Dex:  9    Spells: 9/18 levels left

rFire    . . .     SeeInvis .   y - +0 trident
rCold    . . .     Gourm    .   (no shield)
rNeg     . . .     Faith    .   (armour unavailable)
rPois    .         Spirit   .   a - +0 hat
rElec    +         Reflect  .   (no cloak)
rCorr    .         Harm     .   s - +0 pair of gloves
MR       .....                  (no boots)
Stlth    ++........             (no amulet)
HPRegen  0.21/turn              (no ring)
MPRegen  0.15/turn              (no ring)

@: slowed, divine energy, very slow
A: breathe lightning, unfitting armour, electricity resistance, cold-blooded, AC
+6
a: Breathe Lightning, Stop Divine Energy, Renounce Religion


You were on level 6 of the Dungeon.
You worshipped Sif Muna.
Sif Muna was aware of your devotion.
You were very hungry.

You visited 1 branch of the dungeon, and saw 6 of its levels.

You collected 270 gold pieces.

Inventory:

Hand Weapons
 d - a +0 dagger of flaming
 y - a +0 trident (weapon)
Armour
 a - a +0 hat (worn)
 s - a +0 pair of gloves (worn)
Wands
 q - a wand of random effects (24)
Scrolls
 b - 2 scrolls of enchant armour
 e - a scroll of immolation {unknown}
 g - 4 scrolls of identify
 l - a scroll of enchant weapon {unknown}
 r - 2 scrolls of magic mapping
 t - a scroll of teleportation {unknown}
 v - 2 scrolls of remove curse
Potions
 f - a potion of lignification {unknown}
 h - a potion of resistance {unknown}
 i - 2 potions of flight {unknown}
 j - 2 potions of curing {unknown}
 k - 2 potions of brilliance {unknown}
 m - a potion of cancellation {unknown}
 o - a potion of magic {unknown}
 p - 2 potions of degeneration {unknown}
 x - a potion of heal wounds {unknown}
 z - a potion of ambrosia {unknown}
 A - a potion of haste {unknown}
Comestibles
 c - 13 rations


   Skills:
 + Level 5.3 Fighting
 - Level 1.7 Dodging
 - Level 1.7 Stealth
 + Level 5.7 Spellcasting
 * Level 7.0 Conjurations
   Level 1.0 Summonings
 - Level 1.0 Translocations
 + Level 4.8 Invocations


You had 9 spell levels left.
You knew the following spells:

 Your Spells              Type           Power        Failure   Level  Hunger
a - Magic Dart            Conj           ####         1%          1    None
b - Blink                 Tloc           N/A          10%         2    None
c - Conjure Flame         Conj/Fire      ###.....     7%          3    ##.....
d - Mephitic Cloud        Conj/Pois/Air  ###.....     12%         3    ##.....

Your spell library contained the following spells:

 Spells                   Type           Power        Failure   Level  Hunger
 Dazzling Spray           Conj/Hex       ###...       7%          3    ##.....
 Corona                   Hex            #......      10%         1    None
 Call Imp                 Summ           ##......     10%         2    None
 Ensorcelled Hibernation  Hex/Ice        #.....       16%         2    None
 Slow                     Hex            #.......     16%         2    None
 Confuse                  Hex            #.......     30%         3    ##.....
 Tukima's Dance           Hex            #.......     30%         3    ##.....


Dungeon Overview and Level Annotations

Branches:
Dungeon (6/15)             Temple (0/1) D:4

Altars:
Ashenzari
Qazlal
Sif Muna
Trog


Innate Abilities, Weirdness & Mutations

You can breathe wild blasts of lightning.
Your glossy black scales are hard. (AC +6)
You cannot fit into any form of body armour.
You are resistant to electric shocks. (rElec)
You are cold-blooded and may be slowed by cold attacks.


Message History

Found 8 tomahawks.
Unknown command.
j - 2 metallic golden potions (gained 1)
Found a stone staircase leading up.
Found a gnarled jewelled staff and 19 stones.
Found 25 sling bullets.
You open the door.
Found a hunting sling.
Really walk into a travel-excluded area?
There is an open door here.
You are engulfed in freezing vapours.
You feel yourself slow down.
You are engulfed in freezing vapours.
You are engulfed in freezing vapours.
You feel as though you will be slow longer.
* * * LOW HITPOINT WARNING * * *
Casting: Magic Dart (safe; 1% risk of failure)
Confirm with . or Enter, or press ? or * to list all spells.
You blink.
You are engulfed in freezing vapours.
You feel as though you will be slow longer.
You die...

#.# #...|.. #.#
#...... #.#
#...... #.##
####### #..# ##.#
###.#############
###'#############
##...@§§§§§§§....
#################
##()|%§§§§§§§§§§§
#################
#################


There were no monsters in sight!

Vanquished Creatures
  The ghost of izoki the Blocker, a novice MiFi (D:4)
  Eustachio (D:5)
  A phantom (D:5)
  Blork the orc (D:4)
  4 bullfrogs
  7 wights
  A howler monkey (D:6)
  2 crimson imps
  3 iguanas
  4 worker ants
  A worker ant zombie (D:5)
  5 adders
  2 oozes
  2 adder zombies
  A dart slug (D:2)
  3 leopard geckos
  9 orcs
  7 giant cockroaches
  9 goblins
  6 hobgoblins
  11 jackals
  7 kobolds
  A quokka (D:4)
  A ball python (D:2)
  7 bats
  4 frilled lizards
  A quokka zombie (D:6)
  7 rats
109 creatures vanquished.

Notes
Turn   | Place    | Note
-------+----------+-------------------------------------------
     0 | D:1      | Ivernyr the Draconian Wizard began the quest for the Orb.
     0 | D:1      | Reached XP level 1. HP: 14/14 MP: 4/4
   269 | D:1      | Reached XP level 2. HP: 17/22 MP: 1/6
   276 | D:1      | Learned a level 2 spell: Blink
   573 | D:1      | Reached skill level 1 in Fighting
   971 | D:1      | Reached XP level 3. HP: 17/28 MP: 8/8
  1165 | D:1      | Learned a level 3 spell: Conjure Flame
  1169 | D:1      | Learned a level 3 spell: Mephitic Cloud
  1679 | D:2      | Reached skill level 2 in Conjurations
  2219 | D:2      | Reached XP level 4. HP: 30/36 MP: 4/9
  2417 | D:2      | Found a bloodstained altar of Trog.
  3308 | D:3      | Found a deep blue altar of Sif Muna.
  3311 | D:3      | Became a worshipper of Sif Muna the Loreminder
  4054 | D:4      | Noticed Blork the orc
  4082 | D:4      | Killed Blork the orc
  4082 | D:4      | Reached skill level 3 in Conjurations
  4082 | D:4      | Reached skill level 1 in Invocations
  4082 | D:4      | Reached XP level 5. HP: 18/42 MP: 2/11
  4281 | D:4      | Found a staircase to the Ecumenical Temple.
  4295 | D:4      | Found a stormy altar of Qazlal.
  4713 | D:5      | Entered Level 5 of the Dungeon
  4811 | D:5      | Noticed Eustachio
  5559 | D:5      | Reached XP level 6. HP: 50/50 MP: 7/12
  5600 | D:5      | Reached skill level 4 in Conjurations
  6300 | D:5      | Killed Eustachio
  6300 | D:5      | Your scales start taking on a glossy black colour.
  6300 | D:5      | Reached XP level 7. HP: 53/57 MP: 1/14
  6300 | D:5      | Gained mutation: You are resistant to electric shocks.
                  | (rElec) [Black Draconian growth]
  6507 | D:5      | Found a runed door.
  6510 | D:5      | Noticed izoki's ghost (novice MiFi)
  6654 | D:4      | Reached * piety under Sif Muna
  6866 | D:4      | Killed izoki's ghost
  6866 | D:4      | Reached skill level 5 in Spellcasting
  6866 | D:4      | Reached skill level 5 in Conjurations
  6866 | D:4      | Reached XP level 8. HP: 14/67 MP: 6/15
  7204 | D:6      | Reached skill level 6 in Conjurations
  7567 | D:6      | Found a shattered altar of Ashenzari.
  7793 | D:6      | Reached skill level 5 in Fighting
  8550 | D:6      | Reached skill level 7 in Conjurations
  8679 | D:6      | Engulfed by a cloud of freezing vapour

Skill      XL: |  1  2  3  4  5  6  7  8 |
---------------+-------------------------+-----
Fighting       | 1 2 3 4 5 |  5.3
Conjurations   | 2 3 4 5 7 |  7.0
Spellcasting   | 4 5 |  5.7
Invocations    | 1 2 3 4 |  4.8
Dodging        | |  1.7
Stealth        | |  1.7
Summonings     | |  1.0
Translocations | |  1.0

Action                   |  1- 3 |  4- 6 |  7- 9 || total
-------------------------+-------+-------+-------++-------
Melee: Unarmed           |    38 |       |       ||    38
       Tailslap          |    11 |     8 |     2 ||    21
       Dagger            |   116 |   109 |    25 ||   250
       Trident           |       |    38 |   108 ||   146
 Cast: Magic Dart        |    45 |   113 |    62 ||   220
       Mephitic Cloud    |       |     8 |       ||     8
       Blink             |       |     1 |    13 ||    14
       Conjure Flame     |       |     5 |    16 ||    21
Invok: Divine Energy     |       |       |     1 ||     1
 Abil: Breathe Lightning |       |       |     4 ||     4
  Use: Scroll            |       |     2 |     4 ||     6
 Stab: Sleeping          |     3 |       |       ||     3
       Confused          |       |     6 |       ||     6
  Eat: Chunk             |     4 |     6 |     6 ||    16
       Ration            |       |     2 |     1 ||     3
Armor: Skin              |    53 |    50 |    22 ||   125
Dodge: Dodged            |   112 |    64 |    27 ||   203
